Thunderbirds vs Barracuda

Created - Sunday, March 2, 2025 at 20:58

Goals
1 2 3 T
Thunderbirds 1 3 0 4
Barracuda 0 0 0 0
Shots
1 2 3 T
Thunderbirds 12 15 12 39
Barracuda 8 7 2 17

1st period

1. Thunderbirds , Lukas Reichel 19 (Robert Bortuzzo 14, Jacob Lucchini 32) at 18:45

Penalties :
Kyle Criscuolo (SJB) for Holding (Minor) at 1:37, AJ Greer (SPR) for Cross-checking (Minor) at 11:50, Sam Malinski (SJB) for Hooking (Minor) at 13:06

2nd period

2. Thunderbirds , Gabriel Fortier 15 (Peetro Seppala 6) at 3:14
3. Thunderbirds , Tyson Jost 23 (James Malatesta 24) at 10:02
4. Thunderbirds , Tyson Jost 24 (Robert Bortuzzo 15, Vincent Iorio 11) at 19:30

Penalties :
Carsen Twarynski (SJB) for Hooking (Minor) at 7:10, Artyom Anisimov (SPR) for Cross-checking (Minor) at 7:10

3rd period

No Goal

Penalties :
Oskar Olausson (SJB) for Interference (Minor) at 1:28, Robert Bortuzzo (SPR) for Tripping (Minor) at 5:21, Gavin Bayreuther (SJB) for Holding (Minor) at 11:32, Tyler Angle (SJB) for Roughing (Minor) at 11:51

Goalie Stats

Clay Stevenson (SPR), 17 saves from 17 shots - (1.000), W, 26-15-3, 60:00 minutes
Arturs Silovs (SJB), 35 saves from 39 shots - (0.897), L, 32-29-6, 60:00 minutes

Players Stats for Thunderbirds

Player Name              G  A  P  +/- PIM S  H  SB GA TA FO     MP     PP MP  PK MP  
------------------------------------------------------------------------------------
AJ Greer                 0  0  0   1  2   1  6  0  0  0  0/1    20:49   3:55   0:38 
Artyom Anisimov          0  0  0   1  2   2  3  0  0  0  8/15   19:00   3:07   1:32 
Gabriel Fortier          1  0  1   1  0   4  0  0  0  0  1/2    19:06   1:10   1:23 
Hugh McGing              0  0  0   2  0   3  3  0  0  0  9/25   20:00   3:37   0:00 
Jackson Cates            0  0  0   1  0   1  0  0  0  0  3/5    17:05   0:00   0:07 
Jacob Lucchini           0  1  1   1  0   4  0  0  0  0  0/0    17:58   3:55   0:22 
James Malatesta          0  1  1   2  0   5  5  0  0  0  0/1    20:49   2:27   0:55 
Jasper Weatherby         0  0  0   0  0   0  1  0  0  0  0/0     3:23   0:00   1:14 
John Farinacci           0  0  0   0  0   0  0  0  0  0  0/0     1:18   0:00   0:00 
Lukas Reichel            1  0  1   1  0   6  0  0  0  0  8/24   17:13   3:55   0:19 
Lukas Rousek             0  0  0   0  0   1  0  0  0  0  0/0     2:39   0:30   0:00 
Marc Del Gaizo           0  0  0   1  0   0  3  0  0  0  0/0    18:56   0:00   1:39 
Oliver Kylington         0  0  0   1  0   2  0  1  0  0  0/0    23:30   3:02   1:14 
Peetro Seppala           0  1  1   1  0   2  3  0  0  0  0/0    19:40   0:40   0:55 
Robert Bortuzzo          0  2  2   2  2   1  4  0  0  0  0/0    16:38   4:31   0:00 
Tyson Jost               2  0  2   2  0   4  0  0  0  0  2/2    15:27   0:00   0:00 
Uvis Balinskis           0  0  0   1  0   1  0  0  0  0  0/0    17:08   3:01   1:29 
Vincent Iorio            0  1  1   2  0   2  2  0  0  0  0/0    23:21   3:50   1:13 

Players Stats for Barracuda

Player Name              G  A  P  +/- PIM S  H  SB GA TA FO     MP     PP MP  PK MP  
------------------------------------------------------------------------------------
Ben Hutton               0  0  0  -2  0   1  2  4  0  0  0/0    24:10   1:55   3:25 
Carsen Twarynski         0  0  0  -1  2   1  1  1  0  0  0/1    14:58   0:00   0:00 
David Gustafsson         0  0  0  -2  0   0  0  2  0  0  1/1    17:27   1:20   3:00 
Dominik Shine            0  0  0   0  0   2  0  0  0  0  0/1    15:16   1:55   1:15 
Farm Player 26           0  0  0  -1  0   0  2  1  0  0  0/0    16:30   0:00   1:38 
Gavin Bayreuther         0  0  0  -2  2   0  2  0  0  0  0/0    17:53   0:40   3:04 
Jon-Randall Avon         0  0  0   0  0   0  0  0  0  0  0/0     0:00   0:00   0:00 
Kyle Criscuolo           0  0  0  -1  2   1  0  1  0  0  10/21  19:59   1:20   1:43 
Louis Belpedio           0  0  0   0  0   2  2  1  0  0  0/0    18:33   0:40   2:51 
Mark Friedman            0  0  0  -1  0   0  0  1  0  0  0/0    17:38   1:20   0:57 
Matt Martin              0  0  0  -2  0   0  1  0  0  0  0/0    12:23   0:00   0:00 
Matthew Wedman           0  0  0   0  0   0  0  0  0  0  0/0     0:00   0:00   0:00 
Mike Hardman             0  0  0   0  0   3  3  1  0  0  6/7    18:40   1:55   3:15 
Nicolas Petan            0  0  0  -3  0   1  0  0  0  0  11/17  21:47   1:20   0:27 
Oskar Olausson           0  0  0  -1  2   1  3  0  0  0  1/1    16:53   0:00   1:55 
Ryan Schmelzer           0  0  0  -1  0   4  2  1  0  0  10/17  24:02   1:55   2:14 
Sam Malinski             0  0  0  -2  2   0  2  3  0  0  0/0    23:32   1:54   2:35 
Tyler Angle              0  0  0  -1  2   1  0  0  0  0  5/9     8:19   0:00   0:08 

3 Stars

1 - Tyson Jost (SPR)
2 - Clay Stevenson (SPR)
3 - James Malatesta (SPR)

Power Play

Thunderbirds - 0 on 5 Attempt(s) - 0.00%
Barracuda - 0 on 2 Attempt(s) - 0.00%

Penalty Kill

Thunderbirds - 2 on 2 Attempt(s) - 100.00% - Score 0 goal in Penalty Kill
Barracuda - 5 on 5 Attempt(s) - 100.00% - Score 0 goal in Penalty Kill

Team Stat

Thunderbirds - Hits : 30 - Faceoff Wins : 31 - Blocked Shots : 1 - Penalty Minutes : 6
Barracuda - Hits : 20 - Faceoff Wins : 44 - Blocked Shots : 16 - Penalty Minutes : 12

Official

Referees : Mitch Dunning and Conor O'Donnell
Linesman : Libor Suchanek and Ben O'Quinn

Game Notes

No Game Note

Finance

Level 1 -- Attendance: 1990 (99.50%) -- Ticket Income $69,650
Level 2 -- Attendance: 964 (96.40%) -- Ticket Income $14,460
Total Attendance: 2954 (98.47%)
Total Ticket Income: $84,110
Other Income: $41,214
Total Income: $125,324

Thunderbirds

5 vs 5 Forward 
   Center                   Left Wing                Right Wing               Time % Phy DF OF 
 1 Lukas Reichel            AJ Greer                 Jacob Lucchini           25     1   2  2  
 2 Hugh McGing              James Malatesta          Tyson Jost               25     1   2  2  
 3 Artyom Anisimov          Gabriel Fortier          Jackson Cates            25     1   2  2  
 4 Jackson Cates            AJ Greer                 James Malatesta          25     1   2  2  

5 vs 5 Defense 
   Defense                  Defense                                           Time % Phy DF OF 
 1 Vincent Iorio            Robert Bortuzzo                                   25     1   2  2  
 2 Oliver Kylington         Uvis Balinskis                                    25     1   2  2  
 3 Marc Del Gaizo           Peetro Seppala                                    25     1   2  2  
 4 Vincent Iorio            Oliver Kylington                                  25     1   2  2  

PowerPlay Forward 
   Center                   Left Wing                Right Wing               Time % Phy DF OF 
 1 Lukas Reichel            AJ Greer                 Jacob Lucchini           60     1   2  2  
 2 Hugh McGing              James Malatesta          Artyom Anisimov          40     1   2  2  

PowerPlay Defense
   Defense                  Defense                                           Time % Phy DF OF 
 1 Vincent Iorio            Robert Bortuzzo                                   60     1   2  2  
 2 Oliver Kylington         Uvis Balinskis                                    40     1   2  2  

Penalty Kill 4 Players Forward 
   Center                   Wing                     Time % Phy DF OF 
 1 Artyom Anisimov          AJ Greer                 60     1   2  2  
 2 James Malatesta          Jacob Lucchini           40     1   2  2  

Penalty Kill 4 Players Defense
   Defense                  Defense                  Time % Phy DF OF 
 1 Vincent Iorio            Marc Del Gaizo           60     1   2  2  
 2 Uvis Balinskis           Oliver Kylington         40     1   2  2  

Penalty Kill - 3 Players Forward 
   Forward                                           Time % Phy DF OF 
 1 Jacob Lucchini                                    60     1   2  2  
 2 AJ Greer                                          40     1   2  2  

Penalty Kill - 3 Players Defense
   Defense                  Defense                  Time % Phy DF OF 
 1 Vincent Iorio            Oliver Kylington         60     1   2  2  
 2 Peetro Seppala           Marc Del Gaizo           40     1   2  2  

4 vs 4 Forward 
   Center                   Wing                     Time % Phy DF OF 
 1 Hugh McGing              AJ Greer                 60     1   2  2  
 2 James Malatesta          Jacob Lucchini           40     1   2  2  

4 vs 4 Defense
   Defense                  Defense                  Time % Phy DF OF 
 1 Vincent Iorio            Oliver Kylington         60     1   2  2  
 2 Marc Del Gaizo           Peetro Seppala           40     1   2  2  

Last Minutes Offensive
   Center                   Left Wing                Right Wing               Defense                  Defense                  
   Lukas Reichel            AJ Greer                 Jacob Lucchini           Vincent Iorio            Robert Bortuzzo          

Last Minutes Defensive
   Center                   Left Wing                Right Wing               Defense                  Defense                  
   Lukas Reichel            AJ Greer                 Jacob Lucchini           Vincent Iorio            Robert Bortuzzo          

Goaltenders
Starting : Clay Stevenson           
Backup : Scott Wedgewood          

Extra Forwards
Normal : AJ Greer, James Malatesta, Artyom Anisimov - PP : AJ Greer, Jacob Lucchini - PK : Artyom Anisimov
Extra Defensemen
Normal : Uvis Balinskis, Vincent Iorio, Oliver Kylington - PP : Vincent Iorio - PK : Oliver Kylington, Vincent Iorio
Penalty Shots
Lukas Reichel, AJ Greer, James Malatesta, Jacob Lucchini, Hugh McGing
Custom OT Lines Forwards
Lukas Reichel, AJ Greer, James Malatesta, Jacob Lucchini, Hugh McGing, Artyom Anisimov, Jackson Cates, Gabriel Fortier, Tyson Jost, Jasper Weatherby
Custom OT Lines Defensemen
Vincent Iorio, Peetro Seppala, Oliver Kylington, Uvis Balinskis, Marc Del Gaizo

Scratches
Adam Wilsby (Healthy), Xavier Simoneau (Healthy), Ilya Usov (Healthy), Albert Johansson (Healthy), Henrik Rybinski (Healthy)
Adam Raska (Healthy), Samuel Knazko (Healthy), Nicolas Beaudin (Healthy), Artyom Grushnikov (Healthy), Topias Vilen (Healthy)
Jack Matier (Healthy), Dmitri Kuzmin (Healthy), Nikita Novikov (Healthy), Jordy Bellerive (Healthy), Filip Engaras (Healthy)
Cam Morrison (Healthy), Chase Wheatcroft (Healthy), Jalen Luypen (Healthy), Jacob Gaucher (Healthy), Domenick Fensore (Healthy)
Shakir Mukhamadullin (Healthy), Curtis Hall (Healthy), Nathan Legare (Healthy), Hunter McKown (Healthy), Donovan Sebrango (Healthy)
Colton Poolman (Healthy), Jakub Skarek (Healthy), Mitchell Gibson (Healthy), Keith Petruzzelli (Healthy), Isaiah Saville (Healthy)

Barracuda

5 vs 5 Forward 
   Center                   Left Wing                Right Wing               Time % Phy DF OF 
 1 Nicolas Petan            David Gustafsson         Matt Martin              25     1   2  2  
 2 Ryan Schmelzer           Mike Hardman             Dominik Shine            25     1   2  2  
 3 Kyle Criscuolo           Carsen Twarynski         Oskar Olausson           25     1   2  2  
 4 Tyler Angle              Ryan Schmelzer           Nicolas Petan            25     1   2  2  

5 vs 5 Defense 
   Defense                  Defense                                           Time % Phy DF OF 
 1 Ben Hutton               Sam Malinski                                      25     1   2  2  
 2 Louis Belpedio           Farm Player 26                                    25     1   2  2  
 3 Mark Friedman            Gavin Bayreuther                                  25     1   2  2  
 4 Ben Hutton               Sam Malinski                                      25     1   2  2  

PowerPlay Forward 
   Center                   Left Wing                Right Wing               Time % Phy DF OF 
 1 Kyle Criscuolo           David Gustafsson         Nicolas Petan            60     1   2  2  
 2 Ryan Schmelzer           Mike Hardman             Dominik Shine            40     1   2  2  

PowerPlay Defense
   Defense                  Defense                                           Time % Phy DF OF 
 1 Ben Hutton               Sam Malinski                                      60     1   2  2  
 2 Louis Belpedio           Mark Friedman                                     40     1   2  2  

Penalty Kill 4 Players Forward 
   Center                   Wing                     Time % Phy DF OF 
 1 Mike Hardman             Kyle Criscuolo           60     1   2  2  
 2 Ryan Schmelzer           David Gustafsson         40     1   2  2  

Penalty Kill 4 Players Defense
   Defense                  Defense                  Time % Phy DF OF 
 1 Ben Hutton               Sam Malinski             60     1   2  2  
 2 Louis Belpedio           Gavin Bayreuther         40     1   2  2  

Penalty Kill - 3 Players Forward 
   Forward                                           Time % Phy DF OF 
 1 David Gustafsson                                  60     1   2  2  
 2 Ryan Schmelzer                                    40     1   2  2  

Penalty Kill - 3 Players Defense
   Defense                  Defense                  Time % Phy DF OF 
 1 Ben Hutton               Sam Malinski             60     1   2  2  
 2 Louis Belpedio           Gavin Bayreuther         40     1   2  2  

4 vs 4 Forward 
   Center                   Wing                     Time % Phy DF OF 
 1 Kyle Criscuolo           Mike Hardman             60     1   2  2  
 2 Ryan Schmelzer           David Gustafsson         40     1   2  2  

4 vs 4 Defense
   Defense                  Defense                  Time % Phy DF OF 
 1 Ben Hutton               Sam Malinski             60     1   2  2  
 2 Louis Belpedio           Mark Friedman            40     1   2  2  

Last Minutes Offensive
   Center                   Left Wing                Right Wing               Defense                  Defense                  
   Nicolas Petan            David Gustafsson         Matt Martin              Ben Hutton               Sam Malinski             

Last Minutes Defensive
   Center                   Left Wing                Right Wing               Defense                  Defense                  
   Nicolas Petan            David Gustafsson         Matt Martin              Ben Hutton               Sam Malinski             

Goaltenders
Starting : Arturs Silovs            
Backup : Zane McIntyre            

Extra Forwards
Normal : Jon-Randall Avon, Kyle Criscuolo, Oskar Olausson - PP : Jon-Randall Avon, Kyle Criscuolo - PK : Oskar Olausson
Extra Defensemen
Normal : Mark Friedman, Gavin Bayreuther, Louis Belpedio - PP : Mark Friedman - PK : Gavin Bayreuther, Louis Belpedio
Penalty Shots
Oskar Olausson, Kyle Criscuolo, Ryan Schmelzer, David Gustafsson, Mike Hardman
Custom OT Lines Forwards
Matt Martin, Nicolas Petan, Ryan Schmelzer, David Gustafsson, Mike Hardman, Kyle Criscuolo, Dominik Shine, Oskar Olausson, Tyler Angle, Carsen Twarynski
Custom OT Lines Defensemen
Ben Hutton, Sam Malinski, Louis Belpedio, Gavin Bayreuther, Mark Friedman

Scratches
Farm Player 25 (Healthy), Nathan Gaucher (Healthy), Farm Goalie 49 (Healthy)

% Time on Ice - Thunderbirds

Lines # - Real PCT - Wanted PCT - Time Play
Normal Forward
1 - 27% - 25% - 12:43
2 - 33% - 25% - 15:27
3 - 32% - 25% - 15:02
4 - 7% - 25% - 3:19
Normal Defense
1 - 25% - 25% - 11:25
2 - 25% - 25% - 11:26
3 - 34% - 25% - 16:02
4 - 16% - 25% - 7:38
PP Forward
1 - 52% - 60% - 3:55
2 - 48% - 40% - 3:37
PP Defense
1 - 60% - 60% - 4:31
2 - 40% - 40% - 3:01
PK Forward
1 - 89% - 60% - 2:53
2 - 11% - 40% - 0:22
PK Defense
1 - 51% - 60% - 1:39
2 - 49% - 40% - 1:36
PK3 Forward
1 - 0% - 60%
2 - 0% - 40%
PK3 Defense
1 - 0% - 60%
2 - 0% - 40%
44 Forward
1 - 64% - 60% - 1:44
2 - 36% - 40% - 0:58
44 Defense
1 - 56% - 60% - 1:30
2 - 44% - 40% - 1:12
Last Minute Offensive  - 0:00
Last Minute Defensive  - 0:00
Total
Forward - 60:00
Defense - 60:00

% Time on Ice - Barracuda

Lines # - Real PCT - Wanted PCT - Time Play
Normal Forward
1 - 27% - 25% - 12:23
2 - 25% - 25% - 11:32
3 - 32% - 25% - 14:59
4 - 16% - 25% - 7:37
Normal Defense
1 - 19% - 25% - 8:37
2 - 30% - 25% - 13:59
3 - 32% - 25% - 14:44
4 - 20% - 25% - 9:11
PP Forward
1 - 41% - 60% - 1:20
2 - 59% - 40% - 1:55
PP Defense
1 - 59% - 60% - 1:55
2 - 41% - 40% - 1:20
PK Forward
1 - 63% - 60% - 3:42
2 - 37% - 40% - 2:10
PK Defense
1 - 57% - 60% - 3:21
2 - 43% - 40% - 2:31
PK3 Forward
1 - 96% - 60% - 1:36
2 - 4% - 40% - 0:04
PK3 Defense
1 - 36% - 60% - 0:36
2 - 64% - 40% - 1:04
44 Forward
1 - 73% - 60% - 1:58
2 - 27% - 40% - 0:44
44 Defense
1 - 46% - 60% - 1:15
2 - 54% - 40% - 1:27
Last Minute Offensive  - 0:00
Last Minute Defensive  - 0:00
Total
Forward - 60:00
Defense - 60:00

Play-by-Play

1st period


0:01 of 1st period - Lukas Reichel wins face-off versus Nicolas Petan in neutral zone.
0:29 of 1st period - Shot by Jacob Lucchini.
0:29 of 1st period - Shot Blocked by Sam Malinski.
0:31 of 1st period - Shot by Robert Bortuzzo.
0:31 of 1st period - Shot Misses the Net.
0:33 of 1st period - Shot by Vincent Iorio.
0:33 of 1st period - Shot Blocked by Ben Hutton.
0:35 of 1st period - Shot by Robert Bortuzzo.
0:35 of 1st period - Shot Blocked by David Gustafsson.
1:14 of 1st period - Shot by Tyson Jost.
1:14 of 1st period - Deflect By James Malatesta.
1:14 of 1st period - Stopped by Arturs Silovs without a rebound.
1:15 of 1st period - Artyom Anisimov wins face-off versus Kyle Criscuolo in Barracuda zone.
1:37 of 1st period - Minor Penalty to Kyle Criscuolo for Holding.
1:38 of 1st period - Lukas Reichel wins face-off versus Mike Hardman in Barracuda zone.
1:46 of 1st period - Icing by Robert Bortuzzo.
1:47 of 1st period - Mike Hardman wins face-off versus Lukas Reichel in Thunderbirds zone.
2:40 of 1st period - Off-side.
2:41 of 1st period - Ryan Schmelzer wins face-off versus Hugh McGing in neutral zone.
3:02 of 1st period - Shot by Oliver Kylington.
3:02 of 1st period - Shot Misses the Net.
3:04 of 1st period - Shot by James Malatesta.
3:04 of 1st period - Shot Misses the Net.
3:06 of 1st period - Shot by James Malatesta.
3:06 of 1st period - Stopped by Arturs Silovs with a rebound.
3:56 of 1st period - Icing by Mark Friedman.
3:57 of 1st period - Kyle Criscuolo wins face-off versus Hugh McGing in Barracuda zone.
3:57 of 1st period - Kyle Criscuolo is hit by Hugh McGing.
4:21 of 1st period - Shot by Ryan Schmelzer.
4:21 of 1st period - Stopped by Clay Stevenson without a rebound.
4:22 of 1st period - Artyom Anisimov wins face-off versus Tyler Angle in Thunderbirds zone.
4:44 of 1st period - Shot by Ryan Schmelzer.
4:44 of 1st period - Deflect By Tyler Angle.
4:44 of 1st period - Stopped by Clay Stevenson without a rebound.
4:45 of 1st period - Nicolas Petan wins face-off versus Lukas Reichel in Thunderbirds zone.
5:48 of 1st period - Jackson Cates is hit by Louis Belpedio and loses puck.
6:31 of 1st period - Shot by Hugh McGing.
6:31 of 1st period - Deflect By James Malatesta.
6:31 of 1st period - Stopped by Arturs Silovs without a rebound.
6:32 of 1st period - Kyle Criscuolo wins face-off versus Lukas Reichel in Barracuda zone.
6:44 of 1st period - Shot by Lukas Reichel.
6:44 of 1st period - Deflect By AJ Greer.
6:44 of 1st period - Stopped by Arturs Silovs with a rebound.
7:25 of 1st period - Icing by Tyson Jost.
7:26 of 1st period - Hugh McGing wins face-off versus Ryan Schmelzer in Thunderbirds zone.
7:40 of 1st period - Dominik Shine is hit by Peetro Seppala and loses puck.
7:50 of 1st period - Shot by Dominik Shine.
7:50 of 1st period - Shot Misses the Net.
7:52 of 1st period - Shot by Louis Belpedio.
7:52 of 1st period - Stopped by Clay Stevenson without a rebound.
7:53 of 1st period - Nicolas Petan wins face-off versus Artyom Anisimov in Thunderbirds zone.
7:53 of 1st period - David Gustafsson is hit by Robert Bortuzzo and loses puck.
7:59 of 1st period - Icing by Vincent Iorio.
8:00 of 1st period - Jackson Cates wins face-off versus Nicolas Petan in Thunderbirds zone.
8:14 of 1st period - Matt Martin is hit by Robert Bortuzzo and loses puck.
8:46 of 1st period - Nicolas Petan is hit by AJ Greer.
9:03 of 1st period - Shot by Lukas Reichel.
9:03 of 1st period - Shot Misses the Net.
9:05 of 1st period - Shot by Lukas Reichel.
9:05 of 1st period - Shot Blocked by Carsen Twarynski.
9:12 of 1st period - Kyle Criscuolo is hit by AJ Greer and loses puck.
9:17 of 1st period - Shot by Jacob Lucchini.
9:17 of 1st period - Stopped by Arturs Silovs with a rebound.
9:26 of 1st period - Mark Friedman is hit by Hugh McGing and loses puck.
9:49 of 1st period - Shot by Louis Belpedio.
9:49 of 1st period - Stopped by Clay Stevenson without a rebound.
9:50 of 1st period - Artyom Anisimov wins face-off versus Ryan Schmelzer in Thunderbirds zone.
10:02 of 1st period - Icing by Louis Belpedio.
10:03 of 1st period - Hugh McGing wins face-off versus Ryan Schmelzer in Barracuda zone.
10:06 of 1st period - Shot by James Malatesta.
10:06 of 1st period - Shot Misses the Net.
10:31 of 1st period - Icing by Oliver Kylington.
10:32 of 1st period - Hugh McGing wins face-off versus Kyle Criscuolo in Thunderbirds zone.
10:51 of 1st period - Shot by Sam Malinski.
10:51 of 1st period - Shot Misses the Net.
10:54 of 1st period - Icing by Vincent Iorio.
10:55 of 1st period - Nicolas Petan wins face-off versus Hugh McGing in Thunderbirds zone.
11:12 of 1st period - Icing by Vincent Iorio.
11:13 of 1st period - Hugh McGing wins face-off versus Ryan Schmelzer in Thunderbirds zone.
11:46 of 1st period - Lukas Reichel is hit by Ben Hutton and loses puck.
11:50 of 1st period - Minor Penalty to AJ Greer for Cross-checking.
11:51 of 1st period - Artyom Anisimov wins face-off versus Kyle Criscuolo in Thunderbirds zone.
11:59 of 1st period - Louis Belpedio is hit by Peetro Seppala and loses puck.
13:05 of 1st period - Shot by Gabriel Fortier.
13:05 of 1st period - Stopped by Arturs Silovs with a rebound.
13:06 of 1st period - Minor Penalty to Sam Malinski for Hooking.
13:07 of 1st period - Kyle Criscuolo wins face-off versus Hugh McGing in Barracuda zone.
13:32 of 1st period - Shot by Hugh McGing.
13:32 of 1st period - Shot Blocked by Kyle Criscuolo.
13:52 of 1st period - Shot by Gabriel Fortier.
13:52 of 1st period - Stopped by Arturs Silovs with a rebound.
13:54 of 1st period - Shot by Robert Bortuzzo.
13:54 of 1st period - Shot Misses the Net.
13:56 of 1st period - Shot by Peetro Seppala.
13:56 of 1st period - Stopped by Arturs Silovs without a rebound.
13:57 of 1st period - Ryan Schmelzer wins face-off versus Lukas Reichel in Barracuda zone.
14:23 of 1st period - Shot by AJ Greer.
14:23 of 1st period - Shot Misses the Net.
14:25 of 1st period - Shot by Peetro Seppala.
14:25 of 1st period - Stopped by Arturs Silovs with a rebound.
14:47 of 1st period - Shot by Hugh McGing.
14:47 of 1st period - Shot Misses the Net.
14:59 of 1st period - Shot by Artyom Anisimov.
14:59 of 1st period - Shot Misses the Net.
15:18 of 1st period - Shot by AJ Greer.
15:18 of 1st period - Deflect By James Malatesta.
15:18 of 1st period - Stopped by Arturs Silovs without a rebound.
15:19 of 1st period - Gabriel Fortier wins face-off versus Nicolas Petan in Barracuda zone.
15:24 of 1st period - Shot by Jackson Cates.
15:24 of 1st period - Shot Misses the Net.
15:46 of 1st period - Jackson Cates is hit by Matt Martin and loses puck.
16:14 of 1st period - Shot by Jacob Lucchini.
16:14 of 1st period - Shot Misses the Net.
17:08 of 1st period - Tyson Jost is hit by Ryan Schmelzer and loses puck.
17:31 of 1st period - Off-side.
17:32 of 1st period - Artyom Anisimov wins face-off versus Tyler Angle in neutral zone.
17:35 of 1st period - Ryan Schmelzer is hit by Artyom Anisimov and loses puck.
17:43 of 1st period - Icing by Mark Friedman.
17:44 of 1st period - Tyler Angle wins face-off versus Lukas Reichel in Barracuda zone.
17:51 of 1st period - Shot by Ryan Schmelzer.
17:51 of 1st period - Stopped by Clay Stevenson without a rebound.
17:52 of 1st period - Nicolas Petan wins face-off versus Hugh McGing in Thunderbirds zone.
17:57 of 1st period - Shot by Matt Martin.
17:57 of 1st period - Deflect By Nicolas Petan.
17:57 of 1st period - Shot Misses the Net.
18:07 of 1st period - Shot by James Malatesta.
18:07 of 1st period - Shot Misses the Net.
18:13 of 1st period - Shot by Hugh McGing.
18:13 of 1st period - Stopped by Arturs Silovs with a rebound.
18:45 of 1st period - Shot by Lukas Reichel.
18:45 of 1st period - Goal by Lukas Reichel - Thunderbirds : 1 - Barracuda : 0.
18:46 of 1st period - Ryan Schmelzer wins face-off versus Gabriel Fortier in neutral zone.
18:48 of 1st period - Mike Hardman is hit by Marc Del Gaizo and loses puck.
18:51 of 1st period - Shot by Mike Hardman.
18:51 of 1st period - Stopped by Clay Stevenson with a rebound.
18:53 of 1st period - Shot by Dominik Shine.
18:53 of 1st period - Shot Misses the Net.
18:55 of 1st period - Shot by Ryan Schmelzer.
18:55 of 1st period - Stopped by Clay Stevenson without a rebound.
18:56 of 1st period - Jackson Cates wins face-off versus Kyle Criscuolo in Thunderbirds zone.
18:56 of 1st period - Gabriel Fortier is hit by Oskar Olausson and loses puck.
19:08 of 1st period - Artyom Anisimov is hit by Farm Player 26 and loses puck.
19:26 of 1st period - Shot by Oskar Olausson.
19:26 of 1st period - Stopped by Clay Stevenson without a rebound.
19:27 of 1st period - Lukas Reichel wins face-off versus Ryan Schmelzer in Thunderbirds zone.
19:27 of 1st period - Lukas Reichel is hit by Mike Hardman.
Goals for this period are 1 for Thunderbirds vs 0 for Barracuda.
Shots for this period are 12 for Thunderbirds vs 8 for Barracuda.

2nd period


0:01 of 2nd period - Tyler Angle wins face-off versus Jackson Cates in neutral zone.
0:03 of 2nd period - Sam Malinski is hit by Vincent Iorio.
0:26 of 2nd period - Tyler Angle is hit by Vincent Iorio and loses puck.
1:52 of 2nd period - Shot by Dominik Shine.
1:52 of 2nd period - Shot Misses the Net.
1:58 of 2nd period - Shot by Mike Hardman.
1:58 of 2nd period - Stopped by Clay Stevenson without a rebound.
1:59 of 2nd period - Nicolas Petan wins face-off versus Lukas Reichel in Thunderbirds zone.
2:23 of 2nd period - Shot by Jacob Lucchini.
2:23 of 2nd period - Shot Blocked by David Gustafsson.
2:25 of 2nd period - Shot by Lukas Reichel.
2:25 of 2nd period - Shot Blocked by Sam Malinski.
2:59 of 2nd period - Tyson Jost is hit by Ben Hutton and loses puck.
3:12 of 2nd period - Shot by Gabriel Fortier.
3:12 of 2nd period - Shot Misses the Net.
3:14 of 2nd period - Shot by Gabriel Fortier.
3:14 of 2nd period - Goal by Gabriel Fortier - Thunderbirds : 2 - Barracuda : 0.
3:15 of 2nd period - Artyom Anisimov wins face-off versus Ryan Schmelzer in neutral zone.
3:17 of 2nd period - Jackson Cates is hit by Mike Hardman and loses puck.
3:26 of 2nd period - Shot by Artyom Anisimov.
3:26 of 2nd period - Stopped by Arturs Silovs without a rebound.
3:27 of 2nd period - Lukas Reichel wins face-off versus Kyle Criscuolo in Barracuda zone.
3:34 of 2nd period - Shot by Lukas Reichel.
3:34 of 2nd period - Stopped by Arturs Silovs without a rebound.
3:35 of 2nd period - Ryan Schmelzer wins face-off versus Artyom Anisimov in Barracuda zone.
3:41 of 2nd period - Icing by Mike Hardman.
3:42 of 2nd period - Tyson Jost wins face-off versus Ryan Schmelzer in Barracuda zone.
3:55 of 2nd period - Icing by Gavin Bayreuther.
3:56 of 2nd period - Ryan Schmelzer wins face-off versus Artyom Anisimov in Barracuda zone.
4:03 of 2nd period - Shot by Mike Hardman.
4:03 of 2nd period - Stopped by Clay Stevenson with a rebound.
4:23 of 2nd period - Shot by Ryan Schmelzer.
4:23 of 2nd period - Stopped by Clay Stevenson with a rebound.
4:40 of 2nd period - Icing by Gavin Bayreuther.
4:41 of 2nd period - Ryan Schmelzer wins face-off versus Lukas Reichel in Barracuda zone.
4:41 of 2nd period - Ryan Schmelzer is hit by AJ Greer.
4:58 of 2nd period - Icing by Oliver Kylington.
4:59 of 2nd period - Kyle Criscuolo wins face-off versus Lukas Reichel in Thunderbirds zone.
5:06 of 2nd period - Shot by Carsen Twarynski.
5:06 of 2nd period - Deflect By Kyle Criscuolo.
5:06 of 2nd period - Stopped by Clay Stevenson without a rebound.
5:07 of 2nd period - Hugh McGing wins face-off versus Kyle Criscuolo in Thunderbirds zone.
5:07 of 2nd period - Tyson Jost is hit by Oskar Olausson and loses puck.
5:25 of 2nd period - Oskar Olausson is hit by Marc Del Gaizo and loses puck.
5:46 of 2nd period - James Malatesta is hit by Carsen Twarynski and loses puck.
6:06 of 2nd period - Off-side.
6:07 of 2nd period - Lukas Reichel wins face-off versus Tyler Angle in neutral zone.
6:09 of 2nd period - Jacob Lucchini is hit by Farm Player 26 and loses puck.
6:12 of 2nd period - Shot by Jacob Lucchini.
6:12 of 2nd period - Stopped by Arturs Silovs with a rebound.
6:14 of 2nd period - Shot by Lukas Reichel.
6:14 of 2nd period - Shot Blocked by Ryan Schmelzer.
6:16 of 2nd period - Shot by Oliver Kylington.
6:16 of 2nd period - Shot Misses the Net.
6:40 of 2nd period - Shot by Jacob Lucchini.
6:40 of 2nd period - Shot Blocked by Farm Player 26.
6:53 of 2nd period - Tyler Angle is hit by Artyom Anisimov and loses puck.
7:10 of 2nd period - Minor Penalty to Carsen Twarynski for Hooking.
7:10 of 2nd period - Minor Penalty to Artyom Anisimov for Cross-checking.
7:11 of 2nd period - Hugh McGing wins face-off versus Kyle Criscuolo in neutral zone.
7:15 of 2nd period - Off-side.
7:16 of 2nd period - Hugh McGing wins face-off versus Kyle Criscuolo in neutral zone.
7:29 of 2nd period - Shot by AJ Greer.
7:29 of 2nd period - Deflect By Hugh McGing.
7:29 of 2nd period - Shot Blocked by Ben Hutton.
7:35 of 2nd period - Shot by Hugh McGing.
7:35 of 2nd period - Stopped by Arturs Silovs without a rebound.
7:36 of 2nd period - Mike Hardman wins face-off versus James Malatesta in Barracuda zone.
7:36 of 2nd period - Mike Hardman is hit by James Malatesta.
7:39 of 2nd period - Kyle Criscuolo is hit by James Malatesta and loses puck.
7:50 of 2nd period - Shot by Jacob Lucchini.
7:50 of 2nd period - Shot Misses the Net.
8:02 of 2nd period - Shot by James Malatesta.
8:02 of 2nd period - Shot Misses the Net.
8:04 of 2nd period - Shot by Jacob Lucchini.
8:04 of 2nd period - Stopped by Arturs Silovs with a rebound.
8:06 of 2nd period - Shot by Marc Del Gaizo.
8:06 of 2nd period - Shot Blocked by Mike Hardman.
8:08 of 2nd period - Shot by Peetro Seppala.
8:08 of 2nd period - Deflect By James Malatesta.
8:08 of 2nd period - Stopped by Arturs Silovs without a rebound.
8:09 of 2nd period - Ryan Schmelzer wins face-off versus Hugh McGing in Barracuda zone.
8:24 of 2nd period - Shot by David Gustafsson.
8:24 of 2nd period - Shot Misses the Net.
8:26 of 2nd period - Shot by Ryan Schmelzer.
8:26 of 2nd period - Shot Misses the Net.
9:58 of 2nd period - Shot by Tyson Jost.
9:58 of 2nd period - Stopped by Arturs Silovs with a rebound.
10:02 of 2nd period - Shot by Tyson Jost.
10:02 of 2nd period - Goal by Tyson Jost - Thunderbirds : 3 - Barracuda : 0.
10:03 of 2nd period - Kyle Criscuolo wins face-off versus Lukas Reichel in neutral zone.
10:36 of 2nd period - Icing by Jacob Lucchini.
10:37 of 2nd period - Lukas Reichel wins face-off versus Nicolas Petan in Thunderbirds zone.
11:18 of 2nd period - Shot by Mike Hardman.
11:18 of 2nd period - Shot Blocked by Oliver Kylington.
11:20 of 2nd period - Shot by Louis Belpedio.
11:20 of 2nd period - Shot Misses the Net.
11:42 of 2nd period - Shot by Mike Hardman.
11:42 of 2nd period - Deflect By Dominik Shine.
11:42 of 2nd period - Stopped by Clay Stevenson with a rebound.
11:56 of 2nd period - Shot by Ben Hutton.
11:56 of 2nd period - Stopped by Clay Stevenson without a rebound.
11:57 of 2nd period - Oskar Olausson wins face-off versus Hugh McGing in Thunderbirds zone.
12:19 of 2nd period - Shot by Carsen Twarynski.
12:19 of 2nd period - Stopped by Clay Stevenson without a rebound.
12:20 of 2nd period - Tyson Jost wins face-off versus Nicolas Petan in Thunderbirds zone.
12:47 of 2nd period - Icing by Peetro Seppala.
12:48 of 2nd period - Kyle Criscuolo wins face-off versus Hugh McGing in Thunderbirds zone.
13:05 of 2nd period - Shot by Carsen Twarynski.
13:05 of 2nd period - Shot Misses the Net.
13:32 of 2nd period - Icing by Sam Malinski.
13:33 of 2nd period - Kyle Criscuolo wins face-off versus Lukas Reichel in Barracuda zone.
13:44 of 2nd period - Shot by Lukas Reichel.
13:44 of 2nd period - Stopped by Arturs Silovs without a rebound.
13:45 of 2nd period - Tyler Angle wins face-off versus Artyom Anisimov in Barracuda zone.
13:45 of 2nd period - Tyler Angle is hit by Artyom Anisimov.
14:18 of 2nd period - Shot by Nicolas Petan.
14:18 of 2nd period - Shot Misses the Net.
14:39 of 2nd period - Icing by Gavin Bayreuther.
14:40 of 2nd period - Ryan Schmelzer wins face-off versus Lukas Reichel in Barracuda zone.
14:50 of 2nd period - Icing by Uvis Balinskis.
14:51 of 2nd period - Lukas Reichel wins face-off versus Kyle Criscuolo in Thunderbirds zone.
15:03 of 2nd period - Shot by Lukas Reichel.
15:03 of 2nd period - Stopped by Arturs Silovs without a rebound.
15:04 of 2nd period - Nicolas Petan wins face-off versus Hugh McGing in Barracuda zone.
15:04 of 2nd period - Nicolas Petan is hit by James Malatesta.
15:11 of 2nd period - Mark Friedman is hit by Marc Del Gaizo and loses puck.
15:41 of 2nd period - Icing by Peetro Seppala.
15:42 of 2nd period - Hugh McGing wins face-off versus Kyle Criscuolo in Thunderbirds zone.
16:21 of 2nd period - Icing by Oliver Kylington.
16:22 of 2nd period - Lukas Reichel wins face-off versus Dominik Shine in Thunderbirds zone.
16:22 of 2nd period - Lukas Reichel is hit by Ryan Schmelzer.
16:32 of 2nd period - Shot by AJ Greer.
16:32 of 2nd period - Shot Misses the Net.
16:34 of 2nd period - Shot by Vincent Iorio.
16:34 of 2nd period - Stopped by Arturs Silovs without a rebound.
16:35 of 2nd period - Artyom Anisimov wins face-off versus Nicolas Petan in Barracuda zone.
16:37 of 2nd period - Gabriel Fortier is hit by Gavin Bayreuther and loses puck.
16:40 of 2nd period - Shot by Artyom Anisimov.
16:40 of 2nd period - Shot Misses the Net.
18:20 of 2nd period - Mike Hardman is hit by AJ Greer and loses puck.
18:44 of 2nd period - Off-side.
18:45 of 2nd period - Nicolas Petan wins face-off versus Artyom Anisimov in neutral zone.
19:06 of 2nd period - Shot by Gabriel Fortier.
19:06 of 2nd period - Shot Misses the Net.
19:08 of 2nd period - Shot by Artyom Anisimov.
19:08 of 2nd period - Stopped by Arturs Silovs without a rebound.
19:09 of 2nd period - Hugh McGing wins face-off versus Kyle Criscuolo in Barracuda zone.
19:18 of 2nd period - Shot by Tyson Jost.
19:18 of 2nd period - Shot Misses the Net.
19:24 of 2nd period - Shot by James Malatesta.
19:24 of 2nd period - Shot Misses the Net.
19:26 of 2nd period - Shot by Vincent Iorio.
19:26 of 2nd period - Stopped by Arturs Silovs with a rebound.
19:30 of 2nd period - Shot by Tyson Jost.
19:30 of 2nd period - Goal by Tyson Jost - Thunderbirds : 4 - Barracuda : 0.
19:31 of 2nd period - Nicolas Petan wins face-off versus Lukas Reichel in neutral zone.
19:31 of 2nd period - Sam Malinski is hit by AJ Greer and loses puck.
19:36 of 2nd period - Ben Hutton is hit by AJ Greer and loses puck.
Goals for this period are 3 for Thunderbirds vs 0 for Barracuda.
Shots for this period are 15 for Thunderbirds vs 7 for Barracuda.

3rd period


0:01 of 3rd period - Tyler Angle wins face-off versus Jackson Cates in neutral zone.
0:01 of 3rd period - Nicolas Petan is hit by James Malatesta and loses puck.
0:24 of 3rd period - Shot by Jackson Cates.
0:24 of 3rd period - Stopped by Arturs Silovs with a rebound.
0:33 of 3rd period - Icing by Ben Hutton.
0:34 of 3rd period - Tyler Angle wins face-off versus Artyom Anisimov in Barracuda zone.
1:09 of 3rd period - Shot by Carsen Twarynski.
1:09 of 3rd period - Shot Misses the Net.
1:16 of 3rd period - Jackson Cates is hit by Louis Belpedio and loses puck.
1:28 of 3rd period - Minor Penalty to Oskar Olausson for Interference.
1:29 of 3rd period - Mike Hardman wins face-off versus AJ Greer in Barracuda zone.
1:54 of 3rd period - Lukas Reichel is hit by Gavin Bayreuther and loses puck.
2:19 of 3rd period - Shot by Oliver Kylington.
2:19 of 3rd period - Shot Misses the Net.
2:21 of 3rd period - Shot by Oliver Kylington.
2:21 of 3rd period - Shot Blocked by Sam Malinski.
2:23 of 3rd period - Shot by Hugh McGing.
2:23 of 3rd period - Shot Misses the Net.
2:25 of 3rd period - Shot by Hugh McGing.
2:25 of 3rd period - Shot Misses the Net.
2:27 of 3rd period - Shot by Oliver Kylington.
2:27 of 3rd period - Stopped by Arturs Silovs with a rebound.
2:29 of 3rd period - Shot by Uvis Balinskis.
2:29 of 3rd period - Shot Blocked by Ben Hutton.
2:31 of 3rd period - Shot by Oliver Kylington.
2:31 of 3rd period - Stopped by Arturs Silovs without a rebound.
2:32 of 3rd period - Mike Hardman wins face-off versus Hugh McGing in Barracuda zone.
2:32 of 3rd period - Ben Hutton is hit by James Malatesta and loses puck.
3:01 of 3rd period - Shot by Lukas Rousek.
3:01 of 3rd period - Stopped by Arturs Silovs without a rebound.
3:02 of 3rd period - Mike Hardman wins face-off versus Lukas Reichel in Barracuda zone.
3:22 of 3rd period - Shot by Lukas Reichel.
3:22 of 3rd period - Stopped by Arturs Silovs with a rebound.
3:24 of 3rd period - Shot by Robert Bortuzzo.
3:24 of 3rd period - Shot Misses the Net.
3:26 of 3rd period - Shot by Robert Bortuzzo.
3:26 of 3rd period - Shot Blocked by Mark Friedman.
3:46 of 3rd period - Shot by Jackson Cates.
3:46 of 3rd period - Shot Misses the Net.
3:48 of 3rd period - Shot by Artyom Anisimov.
3:48 of 3rd period - Shot Misses the Net.
3:50 of 3rd period - Shot by Gabriel Fortier.
3:50 of 3rd period - Stopped by Arturs Silovs without a rebound.
3:51 of 3rd period - Nicolas Petan wins face-off versus Hugh McGing in Barracuda zone.
4:08 of 3rd period - Shot by Tyson Jost.
4:08 of 3rd period - Stopped by Arturs Silovs with a rebound.
4:48 of 3rd period - Icing by Matt Martin.
4:49 of 3rd period - Nicolas Petan wins face-off versus Lukas Reichel in Barracuda zone.
4:53 of 3rd period - Matt Martin is hit by Robert Bortuzzo and loses puck.
5:05 of 3rd period - Ryan Schmelzer is hit by Robert Bortuzzo and loses puck.
5:21 of 3rd period - Minor Penalty to Robert Bortuzzo for Tripping.
5:22 of 3rd period - Ryan Schmelzer wins face-off versus Artyom Anisimov in Thunderbirds zone.
6:17 of 3rd period - Shot by Gavin Bayreuther.
6:17 of 3rd period - Shot Misses the Net.
7:27 of 3rd period - Robert Bortuzzo is hit by Oskar Olausson and loses puck.
7:38 of 3rd period - Icing by Robert Bortuzzo.
7:39 of 3rd period - Kyle Criscuolo wins face-off versus Hugh McGing in Thunderbirds zone.
8:20 of 3rd period - Icing by Oskar Olausson.
8:21 of 3rd period - Jackson Cates wins face-off versus Carsen Twarynski in Barracuda zone.
8:27 of 3rd period - Oskar Olausson is hit by Peetro Seppala and loses puck.
8:42 of 3rd period - Icing by Louis Belpedio.
8:43 of 3rd period - Kyle Criscuolo wins face-off versus Hugh McGing in Barracuda zone.
8:50 of 3rd period - Shot by Hugh McGing.
8:50 of 3rd period - Shot Misses the Net.
8:52 of 3rd period - Shot by Tyson Jost.
8:52 of 3rd period - Shot Blocked by Louis Belpedio.
8:54 of 3rd period - Shot by Tyson Jost.
8:54 of 3rd period - Shot Misses the Net.
9:12 of 3rd period - Shot by Hugh McGing.
9:12 of 3rd period - Stopped by Arturs Silovs with a rebound.
10:33 of 3rd period - Shot by Mike Hardman.
10:33 of 3rd period - Shot Misses the Net.
11:32 of 3rd period - Minor Penalty to Gavin Bayreuther for Holding.
11:33 of 3rd period - Mike Hardman wins face-off versus Lukas Reichel in Barracuda zone.
11:48 of 3rd period - Shot by Lukas Reichel.
11:48 of 3rd period - Stopped by Arturs Silovs with a rebound.
11:50 of 3rd period - Shot by Jacob Lucchini.
11:50 of 3rd period - Stopped by Arturs Silovs with a rebound.
11:51 of 3rd period - Minor Penalty to Tyler Angle for Roughing.
11:52 of 3rd period - David Gustafsson wins face-off versus Hugh McGing in Barracuda zone.
11:52 of 3rd period - Ben Hutton is hit by Hugh McGing and loses puck.
12:13 of 3rd period - Shot by Uvis Balinskis.
12:13 of 3rd period - Stopped by Arturs Silovs with a rebound.
12:37 of 3rd period - Shot by Lukas Reichel.
12:37 of 3rd period - Shot Misses the Net.
12:41 of 3rd period - Shot by Robert Bortuzzo.
12:41 of 3rd period - Shot Misses the Net.
12:43 of 3rd period - Shot by Robert Bortuzzo.
12:43 of 3rd period - Shot Blocked by Ben Hutton.
12:45 of 3rd period - Shot by Robert Bortuzzo.
12:45 of 3rd period - Stopped by Arturs Silovs without a rebound.
12:46 of 3rd period - Ryan Schmelzer wins face-off versus Hugh McGing in Barracuda zone.
14:39 of 3rd period - Sam Malinski is hit by Jasper Weatherby and loses puck.
15:08 of 3rd period - Oliver Kylington is hit by Sam Malinski and loses puck.
15:12 of 3rd period - Lukas Reichel is hit by Sam Malinski.
15:56 of 3rd period - Shot by Dominik Shine.
15:56 of 3rd period - Stopped by Clay Stevenson with a rebound.
16:15 of 3rd period - Icing by Oliver Kylington.
16:16 of 3rd period - Nicolas Petan wins face-off versus Lukas Reichel in Thunderbirds zone.
17:27 of 3rd period - AJ Greer is hit by Mike Hardman.
18:05 of 3rd period - Shot by Oskar Olausson.
18:05 of 3rd period - Shot Misses the Net.
18:35 of 3rd period - Shot by Nicolas Petan.
18:35 of 3rd period - Stopped by Clay Stevenson without a rebound.
18:36 of 3rd period - Artyom Anisimov wins face-off versus Tyler Angle in Thunderbirds zone.
18:55 of 3rd period - Shot by Nicolas Petan.
18:55 of 3rd period - Deflect By Tyler Angle.
18:55 of 3rd period - Shot Misses the Net.
18:57 of 3rd period - Shot by Tyler Angle.
18:57 of 3rd period - Deflect By Nicolas Petan.
18:57 of 3rd period - Shot Misses the Net.
18:59 of 3rd period - Shot by Mark Friedman.
18:59 of 3rd period - Shot Misses the Net.
19:16 of 3rd period - Icing by Ben Hutton.
19:17 of 3rd period - Kyle Criscuolo wins face-off versus Hugh McGing in Barracuda zone.
Goals for this period are 0 for Thunderbirds vs 0 for Barracuda.
Shots for this period are 12 for Thunderbirds vs 2 for Barracuda.